 Dungeon Crawl Stone Soup version 0.24.0-123-gd5b16e6ec5 (webtiles) character file.

Game seed: 12979294847506036004, levelgen mode: deterministic

3756 Elellon the Grappler (level 9, -3/89 HPs)
             Began as a Troll Monk on Jan 19, 2020.
             Was a High Priest of Okawaru.
             Killed from afar by Harold (12 damage)
             ... with a harpoon shot
             ... on level 8 of the Dungeon.
             The game lasted 00:11:05 (6367 turns).

Elellon the Grappler (Troll Monk)                   Turns: 6367, Time: 00:11:06

Health: -3/89      AC:  8    Str: 24    XL:     9   Next: 94%
Magic:  8/8        EV: 12    Int:  6    God:    Okawaru [*****.]
Gold:   478        SH:  0    Dex: 12    Spells: 8/8 levels left

rFire    + . .     SeeInvis .     - Unarmed
rCold    . . .     Gourm    +   (no shield)
rNeg     . . .     Faith    .   t - +2 robe {rF+}
rPois    +         Spirit   .   (helmet restricted)
rElec    .         Reflect  .   (no cloak)
rCorr    .         Harm     .   (gloves unavailable)
MR       +....                  (boots unavailable)
Stlth    ++........             (no amulet)
HPRegen  0.64/turn              D - ring of poison resistance
MPRegen  0.11/turn              n - ring of protection from magic

@: marked
A: large, unfitting armour, claws 3, fast metabolism 3, gourmand, regeneration
1, shaggy fur 1, tough skin 3
a: Heroism, Finesse, Renounce Religion


You were on level 8 of the Dungeon.
You worshipped Okawaru.
Okawaru was extremely pleased with you.
You were very full.

You visited 2 branches of the dungeon, and saw 9 of its levels.

You collected 478 gold pieces.

Inventory:

Armour
 a - a +0 robe
 t - a +2 robe of fire resistance (worn)
Jewellery
 n - a ring of protection from magic (right claw)
 C - an uncursed ring of ice
 D - a ring of poison resistance (left claw)
Wands
 x - a wand of flame (14)
Scrolls
 c - a scroll of noise {unknown}
 e - a scroll of fear {unknown}
 k - a scroll of fog {unknown}
 m - 4 scrolls of remove curse
 p - a scroll of amnesia {unknown}
 s - 2 scrolls of magic mapping {unknown}
 y - a scroll of immolation {unknown}
 A - a scroll of teleportation {unknown}
 B - a scroll of enchant armour {unknown}
Potions
 d - 3 potions of curing
 g - 2 potions of cancellation {unknown}
 h - 2 potions of resistance {unknown}
 j - 3 potions of heal wounds
 l - 2 potions of degeneration {unknown}
 q - 2 potions of flight {unknown}
 u - 3 potions of berserk rage {unknown}
 v - a potion of might {unknown}
 w - 6 potions of brilliance
 z - 2 potions of agility {unknown}
Comestibles
 b - 13 rations


   Skills:
 + Level 6.1 Fighting
 + Level 6.1 Dodging
 - Level 1.0 Stealth
 + Level 11.0 Unarmed Combat


You had 8 spell levels left.
You didn't know any spells.
Your spell library contained the following spells:

 Spells                   Type           Power        Failure   Level  Hunger
 Confusing Touch          Hex            #.....       45%         1    ##.....
 Confuse                  Hex            #.......     83%         3    ####...
 Gell's Gravitas          Tloc           #.........   83%         3    ####...
 Petrify                  Tmut/Erth      #.......     99%         4    #####..
 Metabolic Englaciation   Hex/Ice        #.........   100%        5    ######.
 Yara's Violent Unravell  Hex/Tmut       #.........   100%        5    ######.


Dungeon Overview and Level Annotations

Branches:
Dungeon (8/15)             Temple (1/1) D:4
   Lair: D:8-11

Altars:
Ashenzari
Cheibriados
Dithmenos
Elyvilon
Fedhas
Gozag
Hepliaklqana
Kikubaaqudgha
Makhleb
Nemelex Xobeh
Okawaru
Qazlal
Ru
Sif Muna
Trog
Uskayaw
Vehumet
Wu Jian
Xom
Yredelemnul
Zin
The Shining One

Shops:
D:7 *%}([

Annotations:
D:4 3 runed translucent doors, FishyPogo's ghost, novice GnTm
D:5 2 runed translucent doors, Exporg's ghost, amateur MiGl
D:8 Harold


Innate Abilities, Weirdness & Mutations

You are too large for most types of armour.
You have claws for hands.
Your metabolism is lightning-fast.
You like to eat raw meat.
Your natural rate of healing is unusually fast.
You are covered in fur. (AC +1)
You have extremely tough skin. (AC +3)


Message History

Harold throws a throwing net.
The throwing net closely misses you.
Harold asks, "Do you mind if I name my boat the 'Elellon'?
Your head will be paying for it, after all."
You see here a throwing net.
Harold points at you and mumbles some strange words.
The harpoon shot hits you.
* * * LOW HITPOINT WARNING * * *
You are yanked forward by the harpoon shot.
The orc warrior hits you with a +0 battleaxe!
* * * LOW HITPOINT WARNING * * *
Unknown command.
Harold misses you.
The orc warrior throws a stone.
The stone closely misses you.
You see here a throwing net.
Harold points at you and mumbles some strange words.
The harpoon shot misses you.
The kobold throws a stone.
The stone hits you but does no damage.
You see here a stone.
Harold gestures at you while chanting. The harpoon shot hits you!
You die...

...#########...#####.##
#...
..............K.....##
.#.
#########.....K..###.# ##
#.##...#.####.##
#.##....(......#
#.##..@#.######.# .@
#.....>.#.......# ..#
#..#...#.######## #.#
#..##..#@### #.#
#..##....>.# #.#
#..###.#)#.#### #.#
#..###........########.#
#........#.......รท.....#
##.#######.###########.#
#.# #.# #.## #.# ##.##
#...
#.######.#.##########...


You could see Harold.

Vanquished Creatures
  2 hippogriffs
  Sigmund (D:4)
  A hungry ghost (D:7)
  2 orc warriors (D:7)
  An ice beast (D:6)
  3 sky beasts
  2 phantoms
  A necrophage (D:7)
  4 ogres
  2 centaurs
  2 big kobolds
  Blork the orc (D:6)
  3 scorpions
  7 wights
  2 howler monkeys
  5 crimson imps
  A centaur zombie (D:6)
  3 hounds
  4 orc priests
  A centaur skeleton (D:8)
  A bullfrog skeleton (D:8)
  2 iguanas (D:5)
  4 orc wizards
  4 worker ants
  A killer bee zombie (D:7)
  A hound skeleton (D:7)
  Robin (D:3)
  7 adders
  4 gnolls (D:3)
  A shadow imp (D:6)
  2 oozes (D:1)
  3 adder skeletons
  3 worms
  3 dart slugs
  2 leopard geckos
  15 orcs
  6 giant cockroaches
  10 hobgoblins
  7 jackals
  15 kobolds
  2 quokkas
  2 ball pythons
  7 bats
  12 frilled lizards
  12 goblins
  A quokka skeleton (D:6)
  16 rats
192 creatures vanquished.

Notes
Turn   | Place    | Note
-------+----------+-------------------------------------------
     0 | D:1      | Elellon the Troll Monk began the quest for the Orb.
     0 | D:1      | Reached XP level 1. HP: 22/22 MP: 0/0
   110 | D:1      | Reached XP level 2. HP: 26/29 MP: 1/1
   287 | D:1      | Reached skill level 4 in Unarmed Combat
   468 | D:1      | Reached XP level 3. HP: 36/36 MP: 2/2
  1005 | D:2      | Found a glowing golden altar of the Shining One.
  1496 | D:3      | Reached XP level 4. HP: 43/44 MP: 3/3
  1533 | D:3      | Reached skill level 5 in Unarmed Combat
  1584 | D:3      | Noticed Robin
  1619 | D:3      | Killed Robin
  1759 | D:3      | Reached XP level 5. HP: 38/50 MP: 4/4
  1852 | D:3      | Reached skill level 6 in Unarmed Combat
  2462 | D:4      | Noticed a phantom
  2473 | D:4      | Killed a phantom
  2473 | D:4      | Reached skill level 7 in Unarmed Combat
  2473 | D:4      | Reached XP level 6. HP: 52/59 MP: 5/5
  2496 | D:4      | Found an ancient bone altar of Kikubaaqudgha.
  2577 | D:4      | Found a staircase to the Ecumenical Temple.
  2591 | D:4      | Found a burning altar of Makhleb.
  2630 | D:4      | Noticed Sigmund
  2641 | Temple   | Entered the Ecumenical Temple
  2798 | Temple   | Became a worshipper of Warmaster Okawaru
  2798 | Temple   | Reached * piety under Okawaru
  2798 | Temple   | Reached ** piety under Okawaru
  2935 | D:4      | Killed Sigmund
  2935 | D:4      | Reached skill level 8 in Unarmed Combat
  2935 | D:4      | Reached XP level 7. HP: 61/66 MP: 6/6
  3060 | D:4      | Found a runed translucent gate.
  3060 | D:4      | Found a runed translucent gate.
  3060 | D:4      | Found a runed translucent gate.
  3061 | D:4      | Noticed FishyPogo's ghost (novice GnTm)
  3187 | D:5      | Entered Level 5 of the Dungeon
  3217 | D:5      | Found a hide-covered altar of Uskayaw.
  3285 | D:5      | Found a large runed translucent door.
  3285 | D:5      | Found a large runed translucent door.
  3288 | D:5      | Noticed Exporg's ghost (amateur MiGl)
  3341 | D:5      | Reached skill level 9 in Unarmed Combat
  3519 | D:5      | Reached *** piety under Okawaru
  3661 | D:5      | Reached XP level 8. HP: 75/75 MP: 7/7
  4658 | D:6      | Reached skill level 10 in Unarmed Combat
  4793 | D:6      | Reached **** piety under Okawaru
  4867 | D:6      | Noticed Blork the orc
  4870 | D:6      | Killed Blork the orc
  4870 | D:6      | Reached XP level 9. HP: 82/85 MP: 8/8
  5037 | D:6      | Found a hazy altar of Hepliaklqana.
  5063 | D:7      | Found Gouckar's Gadget Boutique.
  5093 | D:7      | Reached skill level 5 in Fighting
  5093 | D:7      | Reached skill level 5 in Dodging
  5281 | D:7      | Found Zarhisuxt's Antique Weapon Shoppe.
  5290 | D:7      | Found Unuit's Armour Boutique.
  5712 | D:7      | Reached ***** piety under Okawaru
  5878 | D:7      | Found Jeled's Food Shoppe.
  5971 | D:7      | Found Jihura's General Store.
  6199 | D:8      | Noticed Harold
  6287 | D:8      | Found a glowing silver altar of Zin.
  6307 | D:8      | Reached skill level 11 in Unarmed Combat
  6356 | D:8      | HP: 2/89 [orc warrior/+0 battleaxe (14)]
  6367 | D:8      | Killed from afar by Harold

Levels and vault maps discovered:
D:1:      minmay_arrival_solitary_statue, layout_loops_ring,
          hangedman_feature_mirror, minmay_tromino_v2
D:2:      layout_basic, tso_oasis_becter
D:3:      layout_basic, hangedman_decor_lopped, uniq_robin
D:4:      layout_rooms, kiku_gazebo_garden_becter, bloody_makhleb,
          temple_doors_cd, gammafunk_ghost_necromancy, first_ration,
          uniq_sigmund
D:5:      layout_layer_cave, basic_altar, ebering_ghost_disaster_area
D:6:      layout_loops_cross, kennysheep_mini_moat, uniq_blork_the_orc
D:7:      layout_gridville, serial_shops, shop, nicolae_shop_statue_plus,
          nicolae_shop_competitors_out_of_business, shop, shop_statue
D:8:      layout_loops_ring, zin_statuary, serial_glass, glass_columns_a,
          glass_columns_a, due_unseen_surprise, feat_on_display,
          minmay_strange_pillars, the_bakery, uniq_harold
Temple:   minmay_crystal_spiral_temple

Skill      XL: |  1  2  3  4  5  6  7  8  9 |
---------------+----------------------------+-----
Unarmed Combat | 4 5 7 8 9 10 11 | 11.0
Dodging        | 3 4 6 |  6.1
Fighting       | 3 4 6 |  6.1
Stealth        | |  1.0

Action                   |  1- 3 |  4- 6 |  7- 9 || total
-------------------------+-------+-------+-------++-------
Melee: Unarmed           |   120 |   164 |   270 ||   554
       Punch             |       |     2 |    22 ||    24
Invok: Heroism           |       |       |     4 ||     4
  Use: Scroll            |       |       |     9 ||     9
 Stab: Sleeping          |     4 |     1 |       ||     5
  Eat: Chunk             |    19 |    13 |    33 ||    65
Armor: Robe              |    46 |    86 |    75 ||   207
Dodge: Dodged            |    48 |   123 |   160 ||   331
